3A
NEBRASKA PLAINSMEN @ MANCELONA TORCH
08/29/2032
 
TOP OF THE 1ST
Nebraska Plainsmen batting - Pitching for Mancelona Torch : RHP Rhys Maskell
Pitching: RHP Rhys Maskell
Batting: RHB Troy Ross 0-0: Ball
1-0: Ball
2-0: Called Strike
2-1: Fly out, F8 (Flyball, 78D)
Batting: SHB Jorge Iglésias 0-0: Ball
1-0: Ball
2-0: Ball
3-0: Called Strike
3-1: Foul Ball, location: 2F
3-2: Base on Balls
Batting: SHB Roger Dorn 0-0: Ball
1-0: Foul Ball, location: 2F
1-1: Swinging Strike
1-2: Ball
2-2: Ball
3-2: 2-RUN HOME RUN (Flyball, 9D), Distance : 396 ft
Batting: LHB Nathan Housden 0-0: Ball
1-0: Foul Ball, location: 2F
1-1: Ground out 6-3 (Groundball, 6MS)
Batting: RHB Tatsui Murakami 0-0: Ball
1-0: Called Strike
1-1: Ball
2-1: Ground out 4-3 (Groundball, 4)
Top of the 1st over - 2 runs, 1 hit, 0 errors, 0 left on base; Nebraska 2 - Mancelona 0
BOTTOM OF THE 1ST
Mancelona Torch batting - Pitching for Nebraska Plainsmen : RHP Peter Livengood
Pitching: RHP Peter Livengood
Batting: SHB Ángel Pérez 0-0: Ball
1-0: Ball
2-0: Called Strike
2-1: Foul Ball, location: 2F
2-2: Ball
3-2: SINGLE (Groundball, 34D)
Batting: RHB Dave Norton 0-0: Hit by Pitch
Ángel Pérez to second
Batting: LHB Badry Maksimenov 0-0: Ball
1-0: Called Strike
1-1: Ball
2-1: Swinging Strike
2-2: Strikes out swinging
Batting: LHB Xuan-ling Chen 0-0: Called Strike
0-1: Foul Ball, location: 2F
0-2: Strikes out looking
Batting: SHB Henrique de Senna Fernandes 0-0: Ball
1-0: Fly out, F9 (Flyball, 9S)
Bottom of the 1st over - 0 runs, 1 hit, 0 errors, 2 left on base; Nebraska 2 - Mancelona 0
TOP OF THE 2ND
Nebraska Plainsmen batting - Pitching for Mancelona Torch : RHP Rhys Maskell
Batting: RHB Diego Martínez 0-0: Called Strike
0-1: Foul Ball, location: 2F
0-2: Ball
1-2: Strikes out looking
Batting: RHB Gary Mosley 0-0: Ball
1-0: Swinging Strike
1-1: Ball
2-1: Fly out, F8 (Flyball, 8LXD)
Batting: RHB Tomas van Noord 0-0: Ball
1-0: Ball
2-0: Foul Ball, location: 2F
2-1: Ground out 6-3 (Groundball, 6)
Top of the 2nd over - 0 runs, 0 hits, 0 errors, 0 left on base; Nebraska 2 - Mancelona 0
BOTTOM OF THE 2ND
Mancelona Torch batting - Pitching for Nebraska Plainsmen : RHP Peter Livengood
Batting: RHB Jur Prokop 0-0: Ball
1-0: Fly out, F6 (Popup, 6S)
Batting: RHB Bryan Uchacz 0-0: Called Strike
0-1: Called Strike
0-2: Foul Ball, location: 2F
0-2: Ball
1-2: Strikes out swinging
Batting: LHB Marcus Shill 0-0: Ball
1-0: Fly out, F9 (Line Drive, 9LM)
Bottom of the 2nd over - 0 runs, 0 hits, 0 errors, 0 left on base; Nebraska 2 - Mancelona 0
TOP OF THE 3RD
Nebraska Plainsmen batting - Pitching for Mancelona Torch : RHP Rhys Maskell
Batting: SHB Amadeo Álvarez 0-0: Called Strike
0-1: Ground out 5-3 (Groundball, 56)
Pitching: RHP Tim Sharp
Batting: RHB Troy Ross 0-0: Ball
1-0: Called Strike
1-1: Called Strike
1-2: Ball
2-2: Ball
3-2: Fly out, F7 (Flyball, 7D)
Batting: SHB Jorge Iglésias 0-0: Called Strike
0-1: Ball
1-1: Swinging Strike
1-2: Ball
2-2: Ball
3-2: Strikes out swinging
Top of the 3rd over - 0 runs, 0 hits, 0 errors, 0 left on base; Nebraska 2 - Mancelona 0
BOTTOM OF THE 3RD
Mancelona Torch batting - Pitching for Nebraska Plainsmen : RHP Peter Livengood
Batting: RHB Vilhelm Loyen 0-0: Foul Ball, location: 2F
0-1: SINGLE (Groundball, 6MD)
Batting: SHB Ángel Pérez 0-0: Ball
1-0: Called Strike
1-1: Ball
2-1: Ball
3-1: Base on Balls
Vilhelm Loyen to second
Batting: RHB Dave Norton 0-0: Called Strike
0-1: Ball
1-1: Ball
2-1: Grounds into double play, 6-4-3 (Groundball, 56)
Vilhelm Loyen to third
Batting: LHB Badry Maksimenov 0-0: Called Strike
0-1: Ball
1-1: Ground out 4-3 (Groundball, 34)
Bottom of the 3rd over - 0 runs, 1 hit, 0 errors, 1 left on base; Nebraska 2 - Mancelona 0
TOP OF THE 4TH
Nebraska Plainsmen batting - Pitching for Mancelona Torch : RHP Tim Sharp
Batting: SHB Roger Dorn 0-0: Called Strike
0-1: SINGLE (Flyball, 7S)
Batting: LHB Nathan Housden 0-0: Foul Ball, location: 2F
0-1: Fly out, F7 (Line Drive, 7LM)
Batting: RHB Tatsui Murakami 0-0: Called Strike
0-1: Ball
1-1: Foul Ball, location: 2F
1-2: Foul Ball, location: 2F
1-2: Foul Ball, location: 2F
1-2: Strikes out swinging
Batting: RHB Diego Martínez 0-0: Ball
1-0: Ground out 5-3 (Groundball, 56S)
Top of the 4th over - 0 runs, 1 hit, 0 errors, 1 left on base; Nebraska 2 - Mancelona 0
BOTTOM OF THE 4TH
Mancelona Torch batting - Pitching for Nebraska Plainsmen : RHP Peter Livengood
Batting: LHB Xuan-ling Chen 0-0: Swinging Strike
0-1: Ball
1-1: Foul Ball, location: 2F
1-2: Foul Ball, location: 2F
1-2: Strikes out looking
Batting: SHB Henrique de Senna Fernandes 0-0: Ball
1-0: Ground out 5-3 (Groundball, 56)
Batting: RHB Jur Prokop 0-0: Foul Ball, location: 2F
0-1: Fly out, F8 (Flyball, 8RS)
Bottom of the 4th over - 0 runs, 0 hits, 0 errors, 0 left on base; Nebraska 2 - Mancelona 0
TOP OF THE 5TH
Nebraska Plainsmen batting - Pitching for Mancelona Torch : RHP Tim Sharp
Batting: RHB Gary Mosley 0-0: Swinging Strike
0-1: Ball
1-1: Called Strike
1-2: Strikes out swinging
Batting: RHB Tomas van Noord 0-0: Ground out 4-3 (Groundball, 4)
Batting: SHB Amadeo Álvarez 0-0: SINGLE (Flyball, 8LS)
Batting: RHB Troy Ross 0-0: Ball
Amadeo Álvarez is caught stealing 2nd base
Top of the 5th over - 0 runs, 1 hit, 0 errors, 0 left on base; Nebraska 2 - Mancelona 0
BOTTOM OF THE 5TH
Mancelona Torch batting - Pitching for Nebraska Plainsmen : RHP Peter Livengood
Batting: RHB Bryan Uchacz 0-0: Fly out, F7 (Flyball, 7D)
Batting: LHB Marcus Shill 0-0: Called Strike
0-1: Foul Ball, location: 2F
0-2: Foul Ball, location: 2F
0-2: Fly out, F9 (Line Drive, 9)
Batting: RHB Vilhelm Loyen 0-0: Foul Ball, location: 2F
0-1: Ball
1-1: Foul Ball, location: 2F
1-2: Ball
2-2: Ball
3-2: Base on Balls
Batting: SHB Ángel Pérez 0-0: Foul Ball, location: 2F
0-1: Called Strike
Vilhelm Loyen steals 2nd base
0-2: Ball
1-2: Ball
2-2: Ball
3-2: Fly out, F8 (Flyball, 8LM)
Bottom of the 5th over - 0 runs, 0 hits, 0 errors, 1 left on base; Nebraska 2 - Mancelona 0
TOP OF THE 6TH
Nebraska Plainsmen batting - Pitching for Mancelona Torch : RHP Tim Sharp
Batting: RHB Troy Ross 0-0: Ball
1-0: Ground out 6-3 (Groundball, 56)
Batting: SHB Jorge Iglésias 0-0: Ball
1-0: Ball
2-0: Ball
3-0: Base on Balls
Batting: SHB Roger Dorn 0-0: Called Strike
0-1: Fly out, F7 (Flyball, 78M)
Batting: LHB Nathan Housden 0-0: Ground out 4-3 (Groundball, 4)
Top of the 6th over - 0 runs, 0 hits, 0 errors, 1 left on base; Nebraska 2 - Mancelona 0
BOTTOM OF THE 6TH
Mancelona Torch batting - Pitching for Nebraska Plainsmen : RHP Peter Livengood
Batting: RHB Dave Norton 0-0: Ball
1-0: Foul Ball, location: 2F
1-1: Foul Ball, location: 2F
1-2: Ball
2-2: Foul Ball, location: 2F
2-2: Foul Ball, location: 2F
2-2: Strikes out swinging
Batting: LHB Badry Maksimenov 0-0: Ball
1-0: Called Strike
1-1: Foul Ball, location: 2F
1-2: Ball
2-2: Ball
3-2: Fly out, F7 (Flyball, 7D)
Batting: LHB Xuan-ling Chen 0-0: Ball
1-0: Called Strike
1-1: Foul Ball, location: 2F
1-2: Ground out 3-1 (Groundball, 34S)
Bottom of the 6th over - 0 runs, 0 hits, 0 errors, 0 left on base; Nebraska 2 - Mancelona 0
TOP OF THE 7TH
Nebraska Plainsmen batting - Pitching for Mancelona Torch : RHP Tim Sharp
Batting: RHB Tatsui Murakami 0-0: Foul Ball, location: 2F
0-1: Ball
1-1: Called Strike
1-2: Foul Ball, location: 2F
1-2: Foul Ball, location: 2F
1-2: Ball
2-2: Fly out, F3 (Popup, 3SF)
Batting: RHB Diego Martínez 0-0: Called Strike
0-1: Foul Ball, location: 2F
0-2: Foul Ball, location: 2F
0-2: Ball
1-2: Ball
2-2: Ball
3-2: Strikes out swinging
Batting: RHB Gary Mosley 0-0: Swinging Strike
0-1: Called Strike
0-2: Foul Ball, location: 2F
0-2: Ball
1-2: Strikes out looking
Top of the 7th over - 0 runs, 0 hits, 0 errors, 0 left on base; Nebraska 2 - Mancelona 0
BOTTOM OF THE 7TH
Mancelona Torch batting - Pitching for Nebraska Plainsmen : RHP Peter Livengood
Batting: SHB Henrique de Senna Fernandes 0-0: Ball
1-0: SINGLE (Line Drive, 6MD)
Batting: RHB Jur Prokop 0-0: Ground out 6-3 (Groundball, 6S)
Henrique de Senna Fernandes to second
Batting: RHB Bryan Uchacz 0-0: Ball
1-0: Fly out, F8 (Flyball, 78D)
Batting: LHB Marcus Shill 0-0: SINGLE (Groundball, 34D)
Henrique de Senna Fernandes to third
Runner from 3rd tries for Home, SAFE, no throw
Batting: RHB Vilhelm Loyen 0-0: Called Strike
0-1: Foul Ball, location: 2F
0-2: Ball
1-2: Ball
2-2: Strikes out swinging
Bottom of the 7th over - 1 run, 2 hits, 0 errors, 1 left on base; Nebraska 2 - Mancelona 1
TOP OF THE 8TH
Nebraska Plainsmen batting - Pitching for Mancelona Torch : RHP Tim Sharp
Batting: RHB Tomas van Noord 0-0: Ground out 5-3 (Groundball, 56)
Batting: SHB Amadeo Álvarez 0-0: Swinging Strike
0-1: SINGLE (Groundball, 56D)
Batting: RHB Troy Ross 0-0: Called Strike
0-1: Ball
1-1: Swinging Strike
1-2: Fly out, F6 (Line Drive, 6)
Batting: SHB Jorge Iglésias 0-0: Ball
1-0: Called Strike
1-1: Ball
2-1: SINGLE (Groundball, 4MD)
Amadeo Álvarez to second
Runner from 2nd tries for 3rd, SAFE, no throw
Batting: SHB Roger Dorn 0-0: Called Strike
0-1: Swinging Strike
0-2: Foul Ball, location: 2F
0-2: Ball
1-2: Ball
2-2: Strikes out swinging
Top of the 8th over - 0 runs, 2 hits, 0 errors, 2 left on base; Nebraska 2 - Mancelona 1
BOTTOM OF THE 8TH
Mancelona Torch batting - Pitching for Nebraska Plainsmen : RHP Peter Livengood
Now at 3B: José Durán
Batting: SHB Ángel Pérez 0-0: Foul Ball, location: 2F
0-1: Fly out, F8 (Flyball, 78D)
Batting: RHB Dave Norton 0-0: Called Strike
0-1: Called Strike
0-2: Foul Ball, location: 2F
0-2: Foul Ball, location: 2F
0-2: Ball
1-2: Ball
2-2: Foul Ball, location: 2F
2-2: Foul Ball, location: 2F
2-2: Foul Ball, location: 2F
2-2: Foul Ball, location: 2F
2-2: Foul Ball, location: 2F
2-2: Foul Ball, location: 2F
2-2: Fly out, F8 (Flyball, 8RD)
Batting: LHB Badry Maksimenov 0-0: Ground out 4-3 (Groundball, 34)
Bottom of the 8th over - 0 runs, 0 hits, 0 errors, 0 left on base; Nebraska 2 - Mancelona 1
TOP OF THE 9TH
Nebraska Plainsmen batting - Pitching for Mancelona Torch : RHP Tim Sharp
Pitching: LHP Geoffroy Cadaloba
Batting: LHB Nathan Housden 0-0: Swinging Strike
0-1: Ball
1-1: Foul Ball, location: 2F
1-2: Ball
2-2: Foul Ball, location: 2F
2-2: Foul Ball, location: 2F
2-2: Ball
3-2: Foul Ball, location: 2F
3-2: Ground out 4-3 (Groundball, 4M)
Batting: RHB Tatsui Murakami 0-0: Called Strike
0-1: Ball
1-1: Ball
2-1: Ball
3-1: Fly out, F6 (Line Drive, 6)
Batting: RHB Diego Martínez 0-0: Foul Ball, location: 2F
0-1: Ball
1-1: Ball
2-1: Called Strike
2-2: DOUBLE (Line Drive, 78D)
Batting: RHB Gary Mosley 0-0: Ball
1-0: Called Strike
1-1: Foul Ball, location: 2F
1-2: Foul Ball, location: 2F
1-2: Foul Ball, location: 2F
1-2: Strikes out swinging
Top of the 9th over - 0 runs, 1 hit, 0 errors, 1 left on base; Nebraska 2 - Mancelona 1
BOTTOM OF THE 9TH
Mancelona Torch batting - Pitching for Nebraska Plainsmen : RHP Peter Livengood
Pitching: RHP Eugenio Pensotti
Batting: LHB Xuan-ling Chen 0-0: Ball
1-0: Ball
2-0: Ball
3-0: Called Strike
3-1: Foul Ball, location: 2F
3-2: Foul Ball, location: 2F
3-2: Strikes out swinging, 2-3 out at first.
Batting: SHB Henrique de Senna Fernandes 0-0: Ground out 4-3 (Groundball, 4)
Batting: RHB Jur Prokop 0-0: Ball
1-0: Called Strike
1-1: Called Strike
1-2: Hit by Pitch
Batting: RHB Bryan Uchacz 0-0: Swinging Strike
0-1: Called Strike
0-2: Ball
1-2: Strikes out looking
Bottom of the 9th over - 0 runs, 0 hits, 0 errors, 1 left on base; Nebraska 2 - Mancelona 1
Wednesday, September 19th, 2018 - OOTP Baseball 18.8 Build 76